 Dungeon Crawl Stone Soup version 0.29.1-1-gd02db6906a (webtiles) character file.

Game seed: 1241862839556460879

144 hawla the Firebug (level 5, -3/38 HPs)
             Began as a Meteoran Fire Elementalist on Oct 6, 2022.
             Slain by an orc
             ... wielding a +4 mace
              (5 damage)
             ... on level 3 of the Dungeon.
             The game lasted 00:04:14 (1413 turns).

hawla the Firebug (Meteoran Fire Elementalist)      Turns: 1413, Time: 00:04:15

Health: -3/38      AC:  3    Str:  6 (9)  XL:     5   Next: 81%
Magic:  1/10       EV: 12    Int: 16 (19) God:
Gold:   109        SH:  0    Dex: 12 (14) Spells: 3/10 levels left

rFire   + . .      SeeInvis .   (no weapon)
rCold   + . .      Faith    .   (no shield)
rNeg    . . .      Spirit   .   a - +0 robe
rPois   .          Reflect  .   (no helmet)
rElec   .          Harm     .   g - scarf {rC+ rF+}
rCorr   .          Rampage  .   n - +0 pair of gloves
Will    .....                   (no boots)
Stlth   +.........              (no amulet)
HPRegen 0.12/turn               (no ring)
MPRegen 0.12/turn               (no ring)

@: silenced, attractive, glowing
A: sense surroundings 1, otherworldly, glowing, explore regen
a: no special abilities


You were on level 3 of the Dungeon.
You visited 1 branch of the dungeon, and saw 3 of its levels.

You collected 109 gold pieces.

Inventory:

Armour
 a - a +0 robe (worn)
 g - a scarf of resistance (worn)
 n - a +0 pair of gloves (worn)
Jewellery
 e - an amulet of regeneration
Wands
 f - a wand of roots (7)
 o - a wand of digging (6)
Scrolls
 j - a scroll of vulnerability {unknown}
 k - 3 scrolls of identify
Potions
 b - 2 potions of magic
 c - a potion of berserk rage
 d - a potion of attraction
 i - a potion of degeneration
 l - a potion of cancellation {unknown}
 m - 2 potions of invisibility {unknown}


   Skills:
 - Level 0.3 Fighting
 - Level 2.5 Dodging
 - Level 1.4 Stealth
 - Level 3.3 Spellcasting
 * Level 2.8 Conjurations
 + Level 6.0 Fire Magic


You had 3 spell levels left.
You knew the following spells:

 Your Spells              Type           Power      Damage    Failure   Level
a - Foxfire               Conj/Fire      64%        2x1d7     3%          1
b - Scorch                Fire           42%        2d7       2%          2
c - Flame Wave            Conj/Fire      16%        2d7       28%         4

Your spell library contained the following spells:

 Spells                   Type           Power      Damage    Failure   Level
 Conjure Flame            Conj/Fire      16%        6-21      9%          3
 Shock                    Conj/Air       28%        1d4       10%         1
 Inner Flame              Hex/Fire       12%        N/A       16%         3
 Beastly Appendage        Tmut           4%         N/A       19%         1
 Ignite Poison            Fire/Tmut/Pois 9%         N/A       24%         3
 Ensorcelled Hibernation  Hex/Ice        4%         N/A       28%         2
 Wereblood                Tmut           2%         N/A       28%         2
 Portal Projectile        Hex/Tloc       4%         N/A       50%         3
 Spider Form              Tmut/Pois      2%         N/A       50%         3
 Swiftness                Air            2%         N/A       50%         3
 Tukima's Dance           Hex            2%         N/A       50%         3
 Sticky Flame             Conj/Fire      16%        2d4       28%         4
 Airstrike                Air            1%         2d(1-17)  88%         4
 Anguish                  Hex/Necr       1%         N/A       88%         4
 Blade Hands              Tmut           1%         N/A       99%         5


Dungeon Overview and Level Annotations

Branches:
Dungeon (3/15) Zot: 386

Altars:
Fedhas


Innate Abilities, Weirdness & Mutations

You passively map a small area around you.
You are easily found by Zot.
You glow in the dark.
You regain HP and MP as you explore.


Message History

The foxfire hits the orc.
The orc is heavily wounded.
The foxfire hits the orc.
You kill the orc!
The orc hits you with a +4 mace.
A wave of flame ripples out!
The flame wave engulfs the orc.
The orc is heavily wounded.
The flame wave engulfs the worm!
The worm is severely wounded.
The orc closely misses you.
A wave of flame ripples out!
The flame wave engulfs the orc.
The orc is almost dead.
The flame wave engulfs the orc!
You kill the orc!
The flame wave engulfs the worm.
You kill the worm!
You finish channelling waves of flame.
The orc hits you with a +4 mace.
Your Fire Magic skill increases to level 6!
You closely miss the orc.
The orc is almost dead.
The orc closely misses you.
You closely miss the orc.
The orc is almost dead.
The orc hits you with a +4 mace!
* * * LOW HITPOINT WARNING * * *
The orc attacks as you move away! The orc hits you with a +4 mace.
* * * LOW HITPOINT WARNING * * *
A kobold comes into view. It is wielding a +0 dagger of venom.
As you read the scroll labelled YCZEUCW SIESAL, it crumbles to dust.
A profound silence engulfs you.
It was a scroll of silence.
The orc hits you with a +4 mace.
* * * LOW HITPOINT WARNING * * *
It was a potion of attraction.
You feel attractive to monsters. The orc closely misses you.
It was a potion of degeneration.
There was something very wrong with that liquid.
You feel weakened.
You feel dopey.
You feel clumsy. The orc hits you with a +4 mace.
You die...

*** ,, * *#, * #........ #### ,
.. ..# #........ ,....# , #.##.#
#........ *#.. * *#..#.##
#...)...,, ###.. *
#.#..####....... ..... , *
#........)†.###.########
#.....K..).#.......### # * ..
##......@o..#.........###
....##.†........##.......#...# *
#.............##.......###.# *
,,,#####..#####.###.........).. ,
+...##...# #.......##).† ##
,,#####.#......###.......#...#
.#####.....###.....##..........##
.......#####................#..##
######## #.#.....##.######..##


You could see an orc and a kobold.

Vanquished Creatures
  An orc priest (D:3)
  2 orc wizards (D:3)
  An adder (D:2)
  3 worms
  4 orcs (D:3)
  2 bats (D:2)
  2 endoplasms
  2 giant cockroaches
  2 hobgoblins
  3 jackals (D:2)
  A quokka (D:1)
  5 ball pythons
  4 frilled lizards
  7 goblins
  3 kobolds
  4 rats
46 creatures vanquished.

Vanquished Creatures (others)
  58 foxfires
58 creatures vanquished.

Grand Total: 104 creatures vanquished

Notes
Turn   | Place    | Note
-------+----------+-------------------------------------------
     0 | D:1      | hawla the Meteoran Fire Elementalist began the quest for
                  | the Orb.
     0 | D:1      | Reached XP level 1. HP: 14/14 MP: 5/5
   109 | D:1      | Found a faded altar of an unknown god.
   131 | D:1      | Reached skill level 4 in Fire Magic
   133 | D:1      | Reached XP level 2. HP: 7/20 MP: 3/6
   136 | D:1      | Learned a level 2 spell: Scorch
   500 | D:1      | Glimpsed the power of Zot.
   529 | D:2      | Reached XP level 3. HP: 25/26 MP: 3/8
   822 | D:2      | Reached XP level 4. HP: 33/33 MP: 0/9
   827 | D:2      | Learned a level 4 spell: Flame Wave
  1100 | D:2      | Glimpsed the power of Zot.
  1150 | D:2      | Glimpsed the power of Zot.
  1169 | D:3      | Reached skill level 5 in Fire Magic
  1172 | D:3      | Reached XP level 5. HP: 29/38 MP: 0/10
  1311 | D:3      | Found a blossoming altar of Fedhas.
  1407 | D:3      | Reached skill level 6 in Fire Magic
  1411 | D:3      | HP: 1/38 [orc/+4 mace (5)]
  1413 | D:3      | Slain by an orc

Illustrated notes

Levels and vault maps discovered:
D:1:      denvon_arrival_planthouse, layout_basic, basic_ecumenical_altar
D:2:      layout_loops_corners
D:3:      layout_rooms, fedhas_altar_2, mainiacjoe_overflow_surrounded_room

Skill      XL: |  1  2  3  4  5 |
---------------+----------------+-----
Fire Magic     | 4 5 6 |  6.0
Spellcasting   | 3 |  3.3
Conjurations   | 2 |  2.8
Fighting       | |  0.3
Dodging        | |  2.5
Stealth        | |  1.4

Action                   |  1- 3 |  4- 6 || total
-------------------------+-------+-------++-------
Melee: Unarmed           |     7 |     3 ||    10
 Cast: Foxfire           |    19 |    14 ||    33
       Scorch            |    13 |     7 ||    20
       Flame Wave        |       |     2 ||     2
  Use: Scroll            |     2 |     1 ||     3
       Potion            |       |     2 ||     2
Armor: Robe              |     5 |       ||     5
Dodge: Dodged            |    11 |     3 ||    14
